 Dungeon Crawl Stone Soup version 0.29.1-2-gbd0b4ee654 (webtiles) character file.

Game seed: 4129990663271269154

73707 raph the Destroyer (level 15, -30/88 HPs)
             Began as a Tengu Fire Elementalist on Nov 26, 2022.
             Was an Initiate of Gozag.
             Annihilated by an orc knight
             ... wielding a +0 great mace
              (53 damage)
             ... on level 1 of the Orcish Mines.
             The game lasted 00:50:30 (33833 turns).

raph the Destroyer (Tengu Fire Elementalist)       Turns: 33833, Time: 00:50:31

Health: -30/88     AC: 13    Str:  9    XL:     15   Next: 44%
Magic:  10/26      EV: 22    Int: 21    God:    Gozag
Gold:   2397       SH:  6    Dex: 16    Spells: 4/27 levels left

rFire   . . .      SeeInvis .   a - +7 demon blade (elec)
rCold   . . .      Faith    .   G - +1 buckler
rNeg    . . .      Spirit   .   l - +2 acid dragon scales
rPois   .          Reflect  .   Q - +0 hat
rElec   .          Harm     .   s - +2 cloak
rCorr   +          Rampage  .   m - +1 pair of gloves {hurl}
Will    +....                   (boots unavailable)
Stlth   ++++......              d - amulet of regeneration
HPRegen 1.04/turn               y - ring of wizardry
MPRegen 0.20/turn               H - +4 ring of evasion

@: lethally poisoned (-30 -> -30), gold aura, flying quickly and evasively,
quick
A: beak, talons 3, nimble flight
a: Renounce Religion, Potion Petition, Call Merchant, Bribe Branch


You were on level 1 of the Orcish Mines.
You worshipped Gozag.
Gozag was most pleased with you.
You visited 4 branches of the dungeon, and saw 19 of its levels.

You collected 4891 gold pieces.
You spent 2434 gold pieces at shops.
You paid 60 gold pieces to Gozag.

Inventory:

Hand Weapons
 a - a +7 demon blade of electrocution (weapon)
 U - a +1 scimitar of flaming
Missiles
 h - 62 poisoned darts
 r - 2 throwing nets
 A - a boomerang of dispersal
Armour
 l - +2 acid dragon scales (worn)
 m - a +1 pair of gloves of hurling (worn)
 s - a +2 cloak (worn)
 G - a +1 buckler (worn)
 M - a +1 robe
 Q - a +0 hat (worn)
Magical Staves
 b - a staff of death
 o - a staff of earth
Jewellery
 d - an amulet of regeneration (around neck)
 g - a ring of magical power
 y - a ring of wizardry (left hand)
 H - a +4 ring of evasion (right hand)
 J - a ring of see invisible
 X - an amulet of magic regeneration
Wands
 p - a wand of flame (29)
 u - a wand of polymorph (17)
 v - a wand of roots (6)
 w - a wand of quicksilver (21)
 x - a wand of charming (16)
 L - a wand of mindburst (2)
 V - a wand of digging (1)
Scrolls
 f - 3 scrolls of blinking
 k - 8 scrolls of teleportation
 t - 4 scrolls of summoning
 K - 8 scrolls of identify
 O - a scroll of fog
 P - 2 scrolls of magic mapping
 R - a scroll of amnesia
 W - a scroll of fear
Potions
 c - 4 potions of cancellation
 e - 7 potions of lignification
 i - 3 potions of mutation
 j - 7 potions of curing
 n - 8 potions of heal wounds
 q - 2 potions of attraction
 z - 2 potions of brilliance
 B - 2 potions of ambrosia
 C - a potion of berserk rage
 D - 4 potions of might
 E - 3 potions of invisibility
 N - a potion of resistance
Miscellaneous
 I - a phantom mirror (inert)
 T - a phial of floods


   Skills:
 + Level 8.1 Fighting
 + Level 8.7 Long Blades
 - Level 2.6 Armour
 - Level 9.0 Dodging
 - Level 9.0 Stealth
 - Level 5.3 Shields
 + Level 6.7 Spellcasting
 - Level 14.4 Conjurations
 - Level 8.6 Summonings
 + Level 12.7 Fire Magic
 - Level 7.3 Air Magic


You had 4 spell levels left.
You knew the following spells:

 Your Spells              Type           Power      Damage    Failure   Level
a - Foxfire               Conj/Fire      100%       2x1d9     1%          1
b - Scorch                Fire           100%       2d10      1%          2
c - Conjure Flame         Conj/Fire      59%        6-21      1%          3
d - Inner Flame           Hex/Fire       33%        N/A       1%          3
e - Flame Wave            Conj/Fire      59%        2d14      1%          4
f - Dazzling Flash        Conj/Hex       74%        N/A       1%          3
g - Call Canine Familiar  Summ           43%        N/A       1%          3
h - Summon Lightning Spi  Summ/Air       40%        N/A       2%          4

Your spell library contained the following spells:

 Spells                   Type           Power      Damage    Failure   Level
 Necrotise                Necr           28%        1d5       8%          1
 Ozocubu's Armour         Ice            7%         N/A       22%         3
 Portal Projectile        Hex/Tloc       14%        N/A       22%         3
 Vampiric Draining        Necr           7%         2d6       22%         3
 Leda's Liquefaction      Hex/Erth       3%         N/A       56%         4
 Olgreb's Toxic Radiance  Pois           7%         N/A       56%         4
 Silence                  Hex/Air        11%        N/A       41%         5
 Agony                    Necr           7%         N/A       88%         5
 Metabolic Englaciation   Hex/Ice        3%         N/A       88%         5
 Ignition                 Fire           28%        3d9       92%         8
 Ozocubu's Refrigeration  Ice            3%         4d8       100%        7
 Storm Form               Tmut/Air       11%        N/A       100%        7
 Maxwell's Capacitive Co  Air            18%        ∞         100%        8
 Simulacrum               Ice/Necr       Unusable   N/A       N/A         6

Dungeon Overview and Level Annotations

Branches:
Dungeon (11/15)            Temple (1/1) D:4            Lair (5/5) D:9
 Shoals (0/4) Lair:3        Snake (0/4) Lair:3        Slime (0/5) Lair:5
    Orc (2/2) D:11
    Elf: Orc:2

Altars:
Ashenzari
Cheibriados
Dithmenos
Elyvilon
Fedhas
Gozag
Hepliaklqana
Kikubaaqudgha
Makhleb
Nemelex Xobeh
Okawaru
Qazlal
Ru
Sif Muna
Trog
Uskayaw
Vehumet
Wu Jian
Xom
Yredelemnul
Zin
The Shining One
Jiyva
Lugonu

Shops:
D:1 [!(=(   D:4 [   Orc:1 ?(**

Portals:
Abyss: Lair:5

Annotations:
D:6 2 transporters, mcbry74's ghost, novice MiBe


Innate Abilities, Weirdness & Mutations

You have a beak for a mouth.
You have claws for feet.
Your magical nature lets you fly swiftly and evasively.


Message History

A troll comes into view.
Casting: Foxfire (safe; 1% risk of failure)
Confirm with . or Enter, or press ? or * to list all spells.
You conjure some foxfire!
You block the orange demon's attack.
Your foxfire dissipates!
The foxfire hits the orc knight but does no damage.
The orc knight is lightly wounded.
The orc knight hits you with a +0 great mace!!
There is a stone staircase leading up, spattered with blood here.
The orange demon stings you from afar.
You are poisoned.
The orange demon poisons you!
The orc warlord roars a battlecry!
The orc knight goes into a battle-frenzy!
You block the orc knight's attack.
You fly upwards.
You feel very sick.
There is a stone staircase leading down here.
Casting: Foxfire (safe; 1% risk of failure)
Confirm with . or Enter, or press ? or * to list all spells.
Flames lash the orc knight.
The orc knight is moderately wounded.
The orc knight's fire resistance burns away.
You feel sick.
The orc knight hits you with a +0 great mace!!
* * * LOW HITPOINT WARNING * * *
Casting: Scorch (safe; 1% risk of failure)
Confirm with . or Enter, or press ? or * to list all spells.
Flames lash the orc knight.
The orc knight is burned terribly!
The orc knight is moderately wounded.
You feel sick. You block the orc knight's attack.
Casting: Scorch (safe; 1% risk of failure)
Confirm with . or Enter, or press ? or * to list all spells.
Flames lash the orc knight.
The orc knight is burned terribly!
The orc knight is heavily wounded.
You feel sick.
The orc knight hits you with a +0 great mace!!!
Ouch! That really hurt!
You die...
Your body crumbles into a pile of gold.

.∩.#..## ......#
#########
.>.#.######.##..#.##
...####.##.........#
#8..##...#........##
..................#
....##...........###
...#####.....[.o.#.##
..## #.........@...#
### ##...).)...#.##
##....#.......# ###
#......[......# ..##
##............## ...#
#........#...####
...#
##.#..........#.##
..##
##......[.......# ..#
##..#.)........#


You could see an orc knight (strong, combustible).

Vanquished Creatures
  Gastronok (D:10)
  2 boulder beetles
  4 hydras
  3 two-headed ogres
  A centaur warrior (D:11)
  3 death yaks
  2 thrashing horrors (Lair:5)
  A large abomination (Lair:5)
  2 ugly things
  A manticore (Lair:3)
  6 elephants
  4 black mambas
  3 gargoyles
  A torpor snail (Lair:4)
  2 smoke demons (Lair:5)
  9 cane toads
  9 komodo dragons
  An efreet (D:10)
  A kobold demonologist (D:10)
  A rime drake (Lair:4)
  2 ancient zymes (Lair:5)
  A wind drake (Lair:3)
  4 trolls
  6 hornets
  A polar bear (Lair:3)
  25 blink frogs
  3 vampires
  2 shadows
  13 spriggans
  5 basilisks
  3 ynoxinuls (Lair:5)
  A wyvern (Lair:5)
  30 yaks
  A wraith (D:10)
  A chaos spawn (Lair:5)
  3 wargs
  3 acid dragons
  A naga (Lair:3)
  14 water moccasins
  4 orc warriors
  2 sky beasts
  A black bear (D:8)
  4 ogres
  An ice beast (D:6)
  3 boggarts (Lair:3)
  4 centaurs
  14 wolves
  3 kobold brigands
  12 bullfrogs
  2 gnoll sergeants
  10 small abominations (Lair:5)
  2 necrophages
  2 scorpions
  6 wights
  3 howler monkeys
  4 electric eels (D:9)
  2 quasits (D:4)
  2 jellies
  4 orc priests
  4 hounds
  Crazy Yiuf (D:4)
  A hell rat (D:9)
  6 iguanas
  12 orc wizards
  Natasha (thrice) (D:3)
  Robin (D:3)
  14 gnolls
  8 adders
  3 shadow imps
  5 white imps
  6 ufetubi
  A worm (D:2)
  A dart slug (D:4)
  39 orcs
  6 bats
  6 endoplasms
  15 goblins
  7 hobgoblins
  4 jackals
  4 quokkas
  5 ball pythons
  5 frilled lizards
  22 kobolds
  6 rats
  3 bushes (Lair:4)
449 creatures vanquished.

Vanquished Creatures (collateral kills)
  An orc warlord (Orc:1)
  A cyclops (D:10)
  A blink frog (Lair:5)
  A large abomination (Lair:5)
  2 orc warriors
  A killer bee (D:10)
  An orc priest (D:10)
  11 foxfires (Lair:5)
19 creatures vanquished.

Vanquished Creatures (others)
  A bush (Lair:5)
  6 demonic plants (D:4)
  1082 foxfires
  38 fungi
  97 plants
1224 creatures vanquished.

Grand Total: 1692 creatures vanquished

Notes
Turn   | Place    | Note
-------+----------+-------------------------------------------
     0 | D:1      | raph the Tengu Fire Elementalist began the quest for the
                  | Orb.
     0 | D:1      | Reached XP level 1. HP: 10/10 MP: 4/4
    65 | D:1      | Found Utaeruro's Distillery.
   227 | D:1      | Reached XP level 2. HP: 15/15 MP: 0/6
   240 | D:1      | Learned a level 2 spell: Scorch
   299 | D:1      | Found Esucivegg's Antique Armour Emporium.
   319 | D:1      | Reached skill level 2 in Conjurations
   648 | D:1      | Found Nonnaklahess's Antique Weapon Emporium.
   741 | D:1      | Found Leeren's Jewellery Shoppe.
   812 | D:1      | Reached XP level 3. HP: 19/19 MP: 2/7
   816 | D:1      | Learned a level 3 spell: Conjure Flame
   872 | D:1      | Found Lelop's Weapon Shop.
  1056 | D:1      | Bought a potion of curing for 30 gold pieces
  1419 | D:2      | Reached XP level 4. HP: 24/24 MP: 0/8
  1427 | D:2      | Reached skill level 3 in Conjurations
  2410 | D:2      | Found a faded altar of an unknown god.
  2648 | D:2      | Gained mutation: Your magical nature lets you fly swiftly
                  | and evasively. [Tengu growth]
  2648 | D:2      | Reached XP level 5. HP: 28/28 MP: 5/9
  2944 | D:3      | Noticed Natasha
  2951 | D:3      | Killed Natasha
  2952 | D:3      | Reached skill level 4 in Conjurations
  3106 | D:1      | Bought a potion of heal wounds for 50 gold pieces
  3106 | D:1      | Bought a potion of degeneration for 10 gold pieces
  3274 | D:3      | Learned a level 3 spell: Inner Flame
  3562 | D:3      | Noticed Natasha
  3567 | D:3      | Killed Natasha
  3852 | D:3      | Noticed Robin
  3866 | D:3      | Killed Robin
  3877 | D:3      | Reached skill level 5 in Fire Magic
  4173 | D:3      | Noticed Natasha
  4177 | D:3      | Killed Natasha
  4178 | D:3      | Reached XP level 6. HP: 32/32 MP: 6/10
  4698 | D:4      | Reached skill level 5 in Conjurations
  4936 | D:4      | Found a staircase to the Ecumenical Temple.
  4957 | Temple   | Entered the Ecumenical Temple
  4957 | Temple   | Found a transporter.
  4957 | Temple   | Found a transporter.
  5091 | Temple   | Found a transporter.
  5091 | Temple   | Found a transporter.
  5127 | Temple   | Became a worshipper of Gozag Ym Sagoz the Greedy
  5359 | D:4      | Reached skill level 6 in Conjurations
  5359 | D:4      | Reached XP level 7. HP: 36/36 MP: 6/11
  5554 | D:4      | Reached skill level 7 in Conjurations
  5713 | D:4      | Found El's Dragon-Slaying Spoils.
  6177 | D:4      | Reached XP level 8. HP: 41/41 MP: 7/12
  6270 | D:4      | Found a runed translucent door.
  6271 | D:4      | Noticed Crazy Yiuf
  6282 | D:4      | Killed Crazy Yiuf
  6568 | D:4      | Reached skill level 8 in Conjurations
  6754 | D:1      | Bought a pair of runed gloves for 187 gold pieces
  6926 | D:5      | Entered Level 5 of the Dungeon
  7689 | D:5      | Reached skill level 9 in Conjurations
  8460 | D:6      | Reached skill level 10 in Conjurations
  8460 | D:6      | Reached XP level 9. HP: 45/45 MP: 4/13
  8770 | D:6      | Learned a level 4 spell: Flame Wave
  8864 | D:6      | Found a transporter.
  8960 | D:6      | Found a transporter.
  8967 | D:6      | Identified the +1 buckler "Wuok" {*Slow Int+5}
  8967 | D:6      | Noticed mcbry74's ghost (novice MiBe)
  9145 | D:6      | Found an ornate altar of the Wu Jian Council.
  9747 | D:7      | Reached skill level 1 in Fighting
  9916 | D:7      | Found a bloodstained altar of Trog.
 11200 | D:8      | Reached skill level 11 in Conjurations
 11367 | D:8      | Reached skill level 10 in Fire Magic
 11367 | D:8      | Reached XP level 10. HP: 46/56 MP: 2/14
 11631 | D:4      | Bought +0 acid dragon scales for 400 gold pieces
 11749 | D:1      | Bought a potion of haste for 100 gold pieces
 11749 | D:1      | Bought 2 potions of heal wounds for 100 gold pieces
 11749 | D:1      | Bought a potion of might for 40 gold pieces
 12195 | D:8      | Reached skill level 5 in Dodging
 12366 | D:8      | Found a broken altar of Ashenzari.
 12373 | D:8      | Reached skill level 5 in Stealth
 13299 | D:9      | Noticed a death yak
 13300 | D:9      | Noticed a death yak
 13308 | D:9      | Noticed a death yak
 13486 | D:9      | Found a staircase to the Lair.
 13609 | D:9      | Killed a death yak
 13610 | D:9      | Reached skill level 12 in Conjurations
 13772 | D:8      | Killed a death yak
 13773 | D:8      | Reached XP level 11. HP: 24/62 MP: 4/16
 13995 | D:9      | Reached skill level 5 in Fighting
 14372 | D:9      | Learned a level 3 spell: Dazzling Flash
 14553 | D:9      | Killed a death yak
 15359 | D:10     | Entered Level 10 of the Dungeon
 15991 | D:1      | Bought a +4 ring of evasion for 360 gold pieces
 16170 | Lair:1   | Entered Level 1 of the Lair of Beasts
 16353 | Lair:1   | Reached skill level 1 in Shields
 17084 | Lair:1   | Noticed an eight-headed hydra
 17095 | Lair:1   | Killed an eight-headed hydra
 17764 | Lair:1   | Reached skill level 13 in Conjurations
 18602 | Lair:2   | Learned a level 3 spell: Call Canine Familiar
 18636 | Lair:2   | Reached XP level 12. HP: 65/70 MP: 13/20
 19107 | Lair:3   | Reached skill level 1 in Summonings
 19579 | D:1      | Bought a +5 demon blade of electrocution for 903 gold
                  | pieces
 19898 | Lair:3   | Found a staircase to the Shoals.
 20061 | Lair:3   | Reached skill level 5 in Spellcasting
 20092 | Lair:3   | Found a staircase to the Snake Pit.
 20240 | Lair:3   | Reached skill level 1 in Long Blades
 21156 | Lair:3   | Noticed a four-headed hydra
 24245 | Lair:5   | Entered Level 5 of the Lair of Beasts
 24271 | Lair:4   | Reached XP level 13. HP: 76/76 MP: 2/22
 24926 | Lair:5   | Reached skill level 14 in Conjurations
 25408 | Lair:5   | Reached skill level 1 in Armour
 25610 | Lair:5   | Found a viscous altar of Jiyva.
 25610 | Lair:5   | Found a staircase to the Slime Pits.
 25705 | Lair:5   | Reached skill level 5 in Shields
 25903 | Lair:5   | Reached skill level 5 in Summonings
 26655 | Lair:4   | Learned a level 4 spell: Summon Lightning Spire
 26881 | Lair:5   | Reached skill level 1 in Air Magic
 27069 | Lair:5   | Found a corrupted altar of Lugonu.
 27331 | Lair:5   | Found a one-way gate to the infinite horrors of the Abyss.
 27334 | Lair:5   | Identified the +2 leather armour "Repnid" {Harm Fly rF-
                  | Dex+5}
 30663 | D:10     | Reached XP level 14. HP: 78/83 MP: 7/24
 30784 | D:10     | Noticed Gastronok
 30959 | D:10     | Killed Gastronok
 30960 | D:10     | Reached skill level 5 in Air Magic
 32661 | D:11     | Reached XP level 15. HP: 88/88 MP: 25/25
 33243 | D:11     | Found a staircase to the Orcish Mines.
 33252 | Orc:1    | Entered Level 1 of the Orcish Mines
 33252 | Orc:1    | Found Xumopn's General Store.
 33284 | Orc:1    | Found Joagg's Magic Scroll Shop.
 33295 | Orc:1    | Bought a scroll of blinking for 127 gold pieces
 33295 | Orc:1    | Bought a scroll of blinking for 127 gold pieces
 33401 | Orc:1    | Found Bitz's General Store.
 33542 | Orc:1    | Found Daedadus's Antique Weapon Shop.
 33633 | Orc:1    | Noticed an orc warlord
 33677 | Orc:1    | Killed an orc warlord
 33797 | Orc:2    | Entered Level 2 of the Orcish Mines
 33813 | Orc:2    | Noticed an orc warlord
 33833 | Orc:1    | Annihilated by an orc knight

Illustrated notes

Levels and vault maps discovered:
D:1:      minmay_arrival_semitransparent, layout_basic, serial_shops,
          nicolae_shop_advertising_works [nicolae_subvault_shop_adworks],
          shop_statue, shop, nicolae_shop_stone, nicolae_shop_behind_doors
D:2:      layout_basic, hellmonk_ecumenical_altar_prayer_group
D:3:      layout_basic, kennysheep_pointless_box, uniq_natasha, uniq_robin
D:4:      layout_basic, minmay_temple_entry_ruins, serial_demonic,
          serial_demonic_f, serial_demonic_c, serial_demonic_g,
          serial_demonic_f, serial_demonic_d, serial_demonic_d,
          nicolae_shop_dragon_depot, uniq_crazy_yiuf_cottage
D:5:      layout_basic, minmay_misc_feat_cross, minmay_checkerbox
D:6:      layout_loops_cross, nicolae_wu_jian_immortal_techniques,
          gammafunk_ghost_gnarly_gnolls
D:7:      layout_basic, mainiacjoe_overflow_boulevard
D:8:      nicolae_cairo_tiling_large_dashed, layout_loops_cross,
          mainiacjoe_overflow_brackets
D:9:      layout_loops_cross, dpeg_lair_monsters, serial_bayou,
          serial_bayou_pond_e, serial_bayou_shore_a, serial_bayou_pond_b,
          serial_bayou_ford_a
D:10:     cheibrodos_ideogram_h, layout_irregular_city, uniq_gastronok
D:11:     layout_rooms, orc_0_dummy
Temple:   hellmonk_temple_divided_pantheon
Lair:1:   layout_cave_pods
Lair:2:   layout_roguey
Lair:3:   kb_forest_paths, layout_chaotic_city, minmay_shoals_entry_beasts,
          guppyfry_snake_entry_island
Lair:4:   layout_layer_cave, serial_forest, infiniplex_forest_fountain,
          infiniplex_forest_lined_2, infiniplex_forest_straight_1,
          infiniplex_forest_clump_medium, infiniplex_forest_clump_double,
          infiniplex_forest_end_2, infiniplex_forest_lined_corner
Lair:5:   hellmonk_lair_end_abyssal_woods, layout_regular_city,
          dpeg_slime_entry_enclosed
Orc:1:    layout_caves, serial_shops, shop, shop_statue,
          nicolae_shop_hallway_stairs, nicolae_shop_waterfront, rock_pile
Orc:2:    grunt_orc_gardens, layout_diamond_mine, grunt_orc_garden,
          grunt_orc_garden, grunt_orc_garden, grunt_orc_garden

Skill      XL: |  1  2  3  4  5  6  7  8  9 10 11 12 13 14 15 |
---------------+----------------------------------------------+-----
Conjurations   | 2 3 4 6 7 10 11 12 13 14 | 14.4
Fire Magic     | 4 5 7 9 10 11 12 | 12.7
Dodging        | 4 6 7 8 9 |  9.0
Stealth        | 4 6 7 8 9 |  9.0
Fighting       | 3 4 6 7 8 |  8.1
Spellcasting   | 3 4 5 6 |  6.7
Shields        | 2 4 5 |  5.3
Summonings     | 3 6 8 |  8.6
Long Blades    | 3 4 8 |  8.7
Armour         | 2 |  2.6
Air Magic      | 4 7 |  7.3

Action                   |  1- 3 |  4- 6 |  7- 9 | 10-12 | 13-15 || total
-------------------------+-------+-------+-------+-------+-------++-------
Melee: Kick              |     1 |     2 |     5 |    13 |    28 ||    49
       Unarmed           |     1 |       |       |       |       ||     1
       Short sword       |       |    12 |    10 |       |       ||    22
       Peck              |       |     3 |     2 |    12 |    24 ||    41
       Hand axe          |       |       |     8 |    24 |       ||    32
       Punch             |       |       |     1 |       |       ||     1
       Demon blade       |       |       |       |    25 |    66 ||    91
Throw: Dart              |       |       |       |       |     2 ||     2
 Cast: Foxfire           |    38 |    98 |   117 |   229 |   155 ||   637
       Scorch            |    12 |    37 |    65 |   130 |    97 ||   341
       Conjure Flame     |       |     2 |     2 |     2 |     1 ||     7
       Inner Flame       |       |     1 |     2 |     4 |     3 ||    10
       Flame Wave        |       |       |    12 |    50 |    59 ||   121
       Summon Lightning  |       |       |       |       |    14 ||    14
Evoke: Wand              |       |       |     1 |     8 |     3 ||    12
       Phantom mirror    |       |       |       |       |     1 ||     1
  Use: Scroll            |     3 |     6 |     7 |    13 |     4 ||    33
       Potion            |       |       |       |     3 |     3 ||     6
 Stab: Sleeping          |       |       |       |     1 |       ||     1
       Distracted        |       |       |       |       |     3 ||     3
       Paralysed         |       |       |       |       |     1 ||     1
Armor: Robe              |     2 |    14 |    24 |       |       ||    40
       Acid dragon scale |       |       |       |    51 |    59 ||   110
Dodge: Dodged            |     4 |    44 |    58 |   182 |   244 ||   532
Block: Buckler           |       |       |       |    27 |    97 ||   124
